 Dungeon Crawl Stone Soup version 0.30.1 (webtiles) character file.

Game seed: 4019382050562116749

120 safid the Chiller (level 5, 0/39 HPs)
             Began as a Merfolk Ice Elementalist on July 5, 2023.
             Was an Initiate of Sif Muna.
             Slain by a phantom (5 damage)
             ... on level 4 of the Dungeon.
             The game lasted 00:04:32 (2457 turns).

safid the Chiller (Merfolk Ice Elementalist)        Turns: 2457, Time: 00:04:33

Health: 0/39       AC:  2    Str:  9    XL:     5   Next: 4%
Magic:  2/9        EV: 12    Int: 16    God:    Sif Muna [......]
Gold:   161        SH:  5    Dex: 14    Spells: 3/10 levels left

rFire   . . .        m - staff of cold
rCold   + . .        (no shield)
rNeg    . . .        a - +0 robe
rPois   .            (no helmet)
rElec   .            (no cloak)
rCorr   .            (no gloves)
SInv    .            (no boots)
Will    .....        d - amulet of reflection
Stlth   ++           (no ring)
HPRegen 0.26/turn    (no ring)
MPRegen 0.11/turn

%: reflection
@: no status effects
A: (nimble swimmer 2), mertail
a: Renounce Religion


You were on level 4 of the Dungeon.
You worshipped Sif Muna.
Sif Muna was noncommittal.
You visited 1 branch of the dungeon, and saw 4 of its levels.

You collected 161 gold pieces.

Inventory:

Missiles
 h - 4 curare-tipped darts
Armour
 a - a +0 robe (worn)
Magical Staves
 m - a staff of cold (weapon)
Jewellery
 d - an amulet of reflection (around neck)
Scrolls
 c - 4 scrolls of identify {unknown}
 g - 2 scrolls of vulnerability {unknown}
 i - 2 scrolls of magic mapping {unknown}
 l - a scroll of brand weapon {unknown}
 o - a scroll of blinking {unknown}
 p - 3 scrolls of teleportation {unknown}
 q - a scroll of fear {unknown}
 s - a scroll of amnesia {unknown}
Potions
 b - a potion of magic
 e - a potion of lignification {unknown}
 f - a potion of curing {unknown}
 j - a potion of heal wounds {unknown}
 k - a potion of haste {unknown}
 n - 2 potions of brilliance {unknown}
 r - a potion of degeneration {unknown}


   Skills:
 + Level 2.6 Fighting
 - Level 2.6 Dodging
 - Level 2.1 Stealth
 + Level 3.1 Spellcasting
 + Level 5.3 Ice Magic


You had 3 spell levels left.
You knew the following spells:

 Your Spells              Type           Power      Damage    Failure   Level
a - Freeze                Ice            100%       1d10      1%          1
b - Frozen Ramparts       Ice            58%        1d9       6%          3
c - Ozocubu's Armour      Ice            29%        N/A       6%          3

Your spell library contained the following spells:

 Spells                   Type           Power      Damage    Failure   Level
 Volatile Blastmotes      Fire/Tloc      4%         2d10      50%         3
 Summon Ice Beast         Ice/Summ       16%        N/A       52%         4
 Fulminant Prism          Conj/Hex       1%         3d5       88%         4
 Iskenderun's Mystic Bla  Conj/Tloc      2%         2d3       88%         4
 Lee's Rapid Deconstruct  Erth           1%         3d4*      99%         5


Dungeon Overview and Level Annotations

Branches:
Dungeon (4/15)
 Temple: D:4-7

Altars:
Sif Muna
The Shining One


Innate Abilities, Weirdness & Mutations

((You are very nimble when in or above water. (Stealth+, EV+, Speed+++)))
Your lower body shifts to a powerful aquatic tail in water.


Message History

The kobold shouts!
You hit the phantom but do no damage.
The phantom is severely damaged.
The phantom hits you.
You hit the phantom.
The phantom is severely damaged.
The phantom closely misses you.
You hit the phantom.
The phantom is almost destroyed.
The phantom hits you but does no damage.
The phantom misses you.
You barely miss the phantom.
The phantom is almost destroyed.
The phantom hits you.
The phantom blinks!
You blink.
Your icy armour cracks and falls away as you move.
Found a puce potion and a +0 short sword.
The phantom hits you.
Casting: Ozocubu's Armour (dangerous; 6% risk of failure)
Confirm with . or Enter, or press ? or * to list all spells.
You don't have enough magic to cast this spell.
You hit the phantom. You freeze the phantom.
The phantom is almost destroyed.
The phantom hits you but does no damage.
You closely miss the phantom.
The phantom is almost destroyed.
The phantom hits you.
You hit the phantom.
The phantom is almost destroyed.
The phantom closely misses you.
You hit the phantom but do no damage.
The phantom is almost destroyed.
The phantom hits you but does no damage.
The phantom hits you.
* * * LOW HITPOINT WARNING * * *
You hit the phantom but do no damage.
The phantom is almost destroyed.
The kobold hits you with a +0 mace.
* * * LOW HITPOINT WARNING * * *
The phantom hits you.
You die...

#...#######....!)
#...#.......8... ..
#...#..........###..
#...#...............
+...#.....(........#
#<..#..............#
#...#..............#
#...#.......K......#
#...#.......@W.....#
#...#..............#
#...######'#########.#
#....................#
######################


You could see a phantom and a kobold.

Vanquished Creatures
  A scorpion (D:3)
  A white imp (D:3)
  3 worms
  2 dart slugs (D:1)
  3 ball pythons
  5 bats
  5 endoplasms
  A giant cockroach (D:1)
  2 goblins
  5 hobgoblins
  4 kobolds
  3 quokkas
  2 frilled lizards (D:1)
  5 rats
42 creatures vanquished.

Notes
Turn   | Place    | Note
-------+----------+-------------------------------------------
     0 | D:1      | safid the Merfolk Ice Elementalist began the quest for the
                  | Orb.
     0 | D:1      | Reached XP level 1. HP: 13/13 MP: 3/3
   133 | D:1      | Reached XP level 2. HP: 20/20 MP: 3/5
   277 | D:1      | Reached skill level 1 in Fighting
   648 | D:1      | Reached XP level 3. HP: 24/26 MP: 2/6
  1488 | D:3      | Learned a level 3 spell: Frozen Ramparts
  1492 | D:3      | Learned a level 3 spell: Ozocubu's Armour
  1554 | D:3      | Found a shimmering blue altar of Sif Muna.
  1615 | D:3      | Became a worshipper of Sif Muna the Loreminder
  1707 | D:3      | Noticed a scorpion
  1714 | D:3      | Killed a scorpion
  1715 | D:3      | Reached skill level 5 in Ice Magic
  1715 | D:3      | Reached XP level 4. HP: 22/34 MP: 0/8
  1938 | D:3      | Reached XP level 5. HP: 36/39 MP: 7/9
  1987 | D:3      | Found a glowing golden altar of the Shining One.
  2383 | D:4      | Noticed a phantom
  2457 | D:4      | Slain by a phantom

Illustrated notes

Levels and vault maps discovered:
D:1:      mainiacjoe_arrival_reflecting_pool, layout_loops_ring,
          minmay_surrounded
D:2:      layout_rooms
D:3:      layout_loops_ring, mainiacjoe_overflow_small_starburst,
          mainiacjoe_overflow_brackets, st_stairs_9, nrook_loot_triangle
D:4:      layout_basic, eat_drink_and_be_merry_uskayaw, serial_shops,
          nicolae_shop_rolled_up, shop, nicolae_shop_tiny_waterfront,
          uniq_crazy_yiuf_cottage

Skill      XL: |  1  2  3 |
---------------+----------+-----
Fighting       | 1 2 |  2.6
Spellcasting   | 3 |  3.1
Ice Magic      | 5 |  5.3
Dodging        | |  2.6
Stealth        | |  2.1

Action                     |  1- 3 |  4- 6 || total
---------------------------+-------+-------++-------
  Melee: Unarmed           |    12 |       ||    12
         Short sword       |    35 |       ||    35
         Staff             |    31 |    61 ||    92
   Cast: Freeze            |    44 |     9 ||    53
         Ozocubu's Armour  |     1 |     5 ||     6
         Frozen Ramparts   |     1 |       ||     1
   Stab: Sleeping          |     3 |     2 ||     5
 Armour: Robe              |    10 |    26 ||    36
  Dodge: Dodged            |    45 |    26 ||    71
  Block: Other             |    17 |    15 ||    32
